 Dungeon Sprint DCSS version 0.25.1-1-g288607f5aa (webtiles) character file.

Game seed: 9201488763945952369

22471 jt the Slayer (level 13, -2/137 HPs)
             Began as a Formicid Fighter on July 27, 2020.
             Was an Initiate of Gozag.
             Slain by the 27-headed Lernaean hydra (6 damage)
             ... in the Dungeon (Sprint I: "Red Sonja").
             The game lasted 00:21:19 (3906 turns).

jt the Slayer (Formicid Fighter)                    Turns: 3906, Time: 00:21:19

Health: -2/137     AC: 21    Str: 25    XL:     13   Next: 27%
Magic:  16/16      EV: 13    Int: 10    God:    Gozag
Gold:   1478       SH: 13    Dex: 12    Spells: 12/12 levels left

rFire    + + .     SeeInvis +   a - +7 flail of the Tired Queens {flame, Stlth+}
rCold    + . .     Gourm    .   c - +0 kite shield
rNeg     + . .     Faith    .   f - +1 pearl dragon scales
rPois    .         Spirit   .   (helmet unavailable)
rElec    .         Reflect  .   (no cloak)
rCorr    .         Harm     .   y - +0 pair of gloves
MR       +....                  z - +2 pair of boots
Stlth    +.........             (no amulet)
HPRegen  0.32/turn              w - ring of Nihilism {+Fly rF+ rC+}
MPRegen  0.15/turn              A - ring of the Octopus King {rF+ AC+1 EV+1 Str+1 Int+1 Dex+1}

@: stab, very slightly contaminated, invisible, bribing [the Dungeon]
A: permanent stasis, dig shafts and tunnels, four strong arms, antennae 3
a: Dig, Potion Petition, Call Merchant, Bribe Branch, Renounce Religion, Evoke
Flight


You were in the Dungeon.
You worshipped Gozag.
Gozag was most pleased with you.
You were not hungry.

You visited 1 branch You collected 9407 gold pieces.
You spent 3975 gold pieces at shops.
You paid 3954 gold pieces to Gozag.

Inventory:

Hand Weapons
 a - the +7 flail of the Tired Queens (weapon) {flame, Stlth+}
   (You bought it in a shop in the Dungeon)

   It has been specially enchanted to burn those struck by it, causing extra
   injury to most foes and up to half again as much damage against particularly
   susceptible opponents.
   It makes you more stealthy.
 d - a +0 shortbow
 k - a +5 glaive of venom
 m - a +1 short sword of venom
 n - a +0 scythe
 t - a +2 hand crossbow of flaming
 v - a +0 flail
 G - the +5 dagger "Raazusunk" {vorpal, *Noise +Fly rN+++ Dex-4}
   (You found it in the Dungeon)

   It inflicts extra damage upon your enemies.
   It affects your dexterity (-4).
   It renders you almost immune to negative energy.
   It lets you fly.
   It may make noises in combat.
 H - the +6 morningstar "Hileaw" {protect, *Corrode rPois Int+5 Dex-3}
   (You took it off a deep elf annihilator in the Dungeon)

   It grants its wielder temporary protection when it strikes (+7 to AC).
   It affects your intelligence (+5).
   It affects your dexterity (-3).
   It protects you from poison.
   It may corrode you when you take damage.
Missiles
 o - 6 curare-tipped darts (quivered)
 p - 58 arrows
 r - 18 sling bullets
 s - 3 javelins
Armour
 c - a +0 kite shield (worn)
 f - +1 pearl dragon scales (worn)
 y - a +0 pair of gloves (worn)
 z - a +2 pair of boots (worn)
Magical Staves
 g - an uncursed staff of poison
Jewellery
 w - the ring of Nihilism (left hand) {+Fly rF+ rC+}
   (You bought it in a shop in the Dungeon)

   [ring of protection from cold]

   It protects you from fire.
   It protects you from cold.
   It lets you fly.
 A - a ring of the Octopus King (right hand) {rF+ AC+1 EV+1 Str+1 Int+1 Dex+1}
   (You bought it in a shop in the Dungeon)

   [ring of protection from fire]

   It affects your AC (+1).
   It affects your evasion (+1).
   It affects your strength (+1).
   It affects your intelligence (+1).
   It affects your dexterity (+1).
   It protects you from fire.
 B - an uncursed ring of flight
 C - an uncursed ring of poison resistance
Wands
 l - a wand of polymorph (5)
 E - a wand of iceblast (4)
Scrolls
 b - 3 scrolls of remove curse
 h - a scroll of amnesia {unknown}
 q - a scroll of enchant weapon {unknown}
 D - a scroll of identify
Potions
 e - 8 potions of curing
 i - 2 potions of magic
 u - a potion of brilliance
Miscellaneous
 F - a tin of tremorstones (inert)
Comestibles
 j - 3 rations


   Skills:
 + Level 24.1 Fighting
 - Level 16.0 Maces & Flails
 - Level 6.0 Throwing
 - Level 10.0 Armour
 - Level 4.0 Dodging
 + Level 11.9 Shields
 + Level 4.4 Evocations


You had 12 spell levels left.
You didn't know any spells.
Your spell library was empty.

Dungeon Overview and Level Annotations

Branches:
Dungeon (1/1)

Altars:
Cheibriados
Dithmenos
Elyvilon
Fedhas
Gozag
Hepliaklqana
Kikubaaqudgha
Makhleb
Nemelex Xobeh
Okawaru
Qazlal
Ru
Sif Muna
Trog
Uskayaw
Vehumet
Wu Jian
Xom
Yredelemnul
Zin
The Shining One
Jiyva
Lugonu

Shops:
D =*(=!:=*=!}[[!}[*

Annotations:
D Lernaean hydra, Tiamat


Innate Abilities, Weirdness & Mutations

You cannot be hasted, slowed, berserked, paralysed or teleported.
You can dig through walls and to a lower floor.
Your four strong arms can wield two-handed weapons with a shield.
You have a pair of large antennae on your head. (SInv)


Message History

Press: ? - help, v - describe, . - travel
Here: the 27-headed Lernaean hydra (severely wounded)
The floor.
The helpless 27-headed Lernaean hydra fails to defend itself.
You bludgeon the 27-headed Lernaean hydra!!
You burn the 27-headed Lernaean hydra.
The 27-headed Lernaean hydra is almost dead.
The 27-headed Lernaean hydra bites you but does no damage.
You block the 27-headed Lernaean hydra's attack.
The 27-headed Lernaean hydra bites you but does no damage.
The 27-headed Lernaean hydra bites you.
* * * LOW HITPOINT WARNING * * *
You block the 27-headed Lernaean hydra's attack.
The 27-headed Lernaean hydra barely misses you.
The 27-headed Lernaean hydra bites you!
* * * LOW HITPOINT WARNING * * *
The 27-headed Lernaean hydra bites you but does no damage.
The 27-headed Lernaean hydra bites you.
You die...
Your body crumbles into a pile of gold.

#..'......####)#
##'##$$$$$$$$$$
#####...###..).#
#≈≈≈##$$$$$$$$
#.[.#####...####
#≈≈≈≈## $
#)........###
#≈≈≈≈≈# #####
......#####
####≈≈≈≈#≈≈≈≈≈#
.....##
#..#'≈≈≈'≈≈.≈≈+
....##
#...##≈≈#≈≈≈≈≈#
....# #....####
#+### ##### {
#@D..# ≈≈≈≈{≈≈.
###### ########
$${ .0..+


$$$$$$$$ ##### You could see the 27-headed Lernaean hydra.

Vanquished Creatures
  4 fire giants (D)
  A lorocyproca (D)
  A deep elf annihilator (D)
  A mummy priest (D)
  A hydra (D)
  2 centaur warriors (D)
  7 unseen horrors (D)
  A deep troll (D)
  An orb spider (D)
  A lindwurm (D)
  2 oklob plants (D)
  A gargoyle (D)
  2 merfolk sirens (D)
  2 kobold demonologists (D)
  4 demonic crawlers (D)
  A hellwing (D)
  A meliai (D)
  A slime creature (D)
  5 hornets (D)
  2 redbacks (D)
  A yak (D)
  13 hogs (D)
  3 floating eyes (D)
  7 necrophages (D)
  An ogre (D)
  A bullfrog (D)
  8 jellies (D)
  Ijyb (D)
76 creatures vanquished.

Vanquished Creatures (others)
  A gargoyle (D)
  2 ballistomycete spores (D)
3 creatures vanquished.

Grand Total: 79 creatures vanquished

Notes
Turn   | Place    | Note
-------+----------+-------------------------------------------
     0 | D        | jt the Formicid Fighter began the quest for the Orb.
     0 | D        | Reached XP level 1. HP: 18/18 MP: 1/1
     2 | D        | Noticed Ijyb
    13 | D        | Killed Ijyb
    13 | D        | Reached XP level 2. HP: 24/24 MP: 2/2
    13 | D        | Reached XP level 3. HP: 29/29 MP: 3/3
    20 | D        | Noticed an ogre
    26 | D        | Killed an ogre
    26 | D        | Reached XP level 4. HP: 17/35 MP: 4/4
    26 | D        | Reached XP level 5. HP: 20/41 MP: 5/5
    55 | D        | Killed a gargoyle
   187 | D        | Noticed Sigmund
   189 | D        | Noticed Sigmund
   189 | D        | Sigmund changed into Sigmund the bullfrog
   197 | D        | Killed Sigmund the bullfrog
   218 | D        | Found a shimmering blue altar of Sif Muna.
   219 | D        | Found an ornate altar of the Wu Jian Council.
   220 | D        | Found a radiant altar of Vehumet.
   225 | D        | Reached XP level 6. HP: 40/47 MP: 6/6
   254 | D        | Found Feocs's General Store.
   254 | D        | Found an ancient bone altar of Kikubaaqudgha.
   254 | D        | Found a hazy altar of Hepliaklqana.
   254 | D        | Found a hide-covered altar of Uskayaw.
   254 | D        | Found a basalt altar of Yredelemnul.
   254 | D        | Found an opulent altar of Gozag.
   254 | D        | Found a snail-covered altar of Cheibriados.
   254 | D        | Found a sacrificial altar of Ru.
   254 | D        | Found a shadowy altar of Dithmenos.
   254 | D        | Noticed a yak
   256 | D        | Found a stormy altar of Qazlal.
   256 | D        | Found a blossoming altar of Fedhas.
   256 | D        | Found a bloodstained altar of Trog.
   256 | D        | Found an iron altar of Okawaru.
   256 | D        | Found a glowing silver altar of Zin.
   269 | D        | Killed a yak
   272 | D        | Found a glowing golden altar of the Shining One.
   272 | D        | Found a white marble altar of Elyvilon.
   274 | D        | Found a sparkling altar of Nemelex Xobeh.
   358 | D        | Became a worshipper of Gozag Ym Sagoz the Greedy
   361 | D        | Bought a potion of lignification for 33 gold pieces
   366 | D        | Noticed Sonja
   368 | D        | Noticed Sonja
   368 | D        | Sonja changed into Sonja the orb spider
   487 | D        | Killed Sonja the orb spider
   487 | D        | Reached skill level 6 in Fighting
   487 | D        | Reached XP level 7. HP: 59/59 MP: 7/7
   487 | D        | Reached XP level 8. HP: 65/65 MP: 8/8
   507 | D        | Found Ceheboh's Jewellery Boutique.
   615 | D        | Found a viscous altar of Jiyva.
   615 | D        | Found a corrupted altar of Lugonu.
   615 | D        | Noticed a slime creature
   616 | D        | Found a burning altar of Makhleb.
   616 | D        | Found a shimmering altar of Xom.
   629 | D        | Killed a slime creature
   629 | D        | Reached skill level 7 in Fighting
   837 | D        | Noticed a deep troll
   858 | D        | Killed a deep troll
   858 | D        | Reached skill level 10 in Fighting
   858 | D        | Reached XP level 9. HP: 48/78 MP: 9/9
   879 | D        | Found Nekhlupni's Armour Emporium.
   988 | D        | Noticed a kobold demonologist
   989 | D        | Noticed a kobold demonologist
   999 | D        | Killed a kobold demonologist
   999 | D        | Reached skill level 11 in Fighting
  1020 | D        | Noticed a rust devil
  1020 | D        | Killed a kobold demonologist
  1020 | D        | Reached skill level 12 in Fighting
  1051 | D        | Noticed a lindwurm
  1089 | D        | Killed a lindwurm
  1089 | D        | Reached skill level 14 in Fighting
  1128 | D        | Bought +1 pearl dragon scales for 1363 gold pieces
  1184 | D        | Reached skill level 1 in Evocations
  1188 | D        | Reached XP level 10. HP: 71/95 MP: 9/11
  1201 | D        | Reached skill level 5 in Armour
  1214 | D        | Reached skill level 15 in Fighting
  1252 | D        | Reached skill level 16 in Fighting
  1429 | D        | Noticed a daeva
  1432 | D        | Noticed an unseen horror
  1432 | D        | Noticed an unseen horror
  1432 | D        | Noticed an unseen horror
  1446 | D        | Killed an unseen horror
  1446 | D        | Reached skill level 17 in Fighting
  1470 | D        | Killed an unseen horror
  1632 | D        | Killed an unseen horror
  1632 | D        | Reached XP level 11. HP: 103/108 MP: 13/13
  1655 | D        | Noticed an unseen horror
  1665 | D        | Noticed an unseen horror
  1671 | D        | Killed an unseen horror
  1671 | D        | Reached skill level 18 in Fighting
  1681 | D        | Killed an unseen horror
  1926 | D        | Noticed a centaur warrior
  1927 | D        | Noticed a centaur warrior
  1945 | D        | Killed a centaur warrior
  1945 | D        | Reached skill level 19 in Fighting
  1951 | D        | Killed a centaur warrior
  2013 | D        | Noticed an oklob plant
  2025 | D        | Killed an oklob plant
  2025 | D        | Reached skill level 20 in Fighting
  2046 | D        | Bought a ration for 55 gold pieces
  2046 | D        | Bought a ration for 55 gold pieces
  2115 | D        | Noticed an unseen horror
  2116 | D        | Noticed an unseen horror
  2123 | D        | Killed an unseen horror
  2151 | D        | Killed an unseen horror
  2554 | D        | Found Noschemu's Jewellery Shoppe.
  2555 | D        | Found Baogowup's Antique Weapon Shop.
  2555 | D        | Found Bocs's Distillery.
  2556 | D        | Found Imuecul's Distillery.
  2556 | D        | Found Upnuykat's Gadget Emporium.
  2579 | D        | Reached XP level 12. HP: 122/122 MP: 14/14
  2602 | D        | Found Ethaemoe's General Store.
  2621 | D        | Found Voirgha's Book Emporium.
  2621 | D        | Found Coxku's Jewellery Shop.
  2621 | D        | Found Xoffaticie's Assorted Antiques.
  2621 | D        | Found Enepue Bempi's Jewellery Boutique.
  2621 | D        | Found Rarphagonk's Distillery.
  2621 | D        | Found Qysol's Gadget Shop.
  2621 | D        | Found Sisip's Antique Armour Shoppe.
  2624 | D        | Found Sies's Antique Armour Boutique.
  2648 | D        | Bought a transparent flail for 195 gold pieces
  2653 | D        | Bought the ring of Nihilism {+Fly rF+ rC+} for 493 gold
                  | pieces
  2655 | D        | Bought a potion of heal wounds for 50 gold pieces
  2691 | D        | Bought a +0 pair of gloves for 58 gold pieces
  2691 | D        | Bought a +2 pair of boots for 214 gold pieces
  2718 | D        | Bought 2 scrolls of identify for 44 gold pieces
  2719 | D        | Identified the +7 flail of the Tired Queens {flame, Stlth+}
                  | (You bought it in a shop in the Dungeon)
  2748 | D        | Noticed a lorocyproca
  2757 | D        | Killed a lorocyproca
  2757 | D        | Reached skill level 15 in Maces & Flails
  2757 | D        | Reached skill level 10 in Armour
  2796 | D        | Reached skill level 21 in Fighting
  3148 | D        | Bought a dented pearl amulet for 115 gold pieces
  3157 | D        | Bought a ring of the Octopus King {rF+ AC+1 EV+1 Str+1
                  | Int+1 Dex+1} for 653 gold pieces
  3157 | D        | Found the ring of the Octopus King {rF+ AC+1 EV+1 Str+1
                  | Int+1 Dex+1}
  3410 | D        | Noticed a fire giant
  3411 | D        | Noticed a fire giant
  3426 | D        | Killed a fire giant
  3430 | D        | Killed a fire giant
  3430 | D        | Reached skill level 22 in Fighting
  3430 | D        | Noticed a fire giant
  3436 | D        | Killed a fire giant
  3446 | D        | Noticed a fire giant
  3451 | D        | Identified the +4 dragonskin cloak
  3451 | D        | Noticed Tiamat
  3459 | D        | Killed a fire giant
  3459 | D        | Reached skill level 23 in Fighting
  3580 | D        | Bought a wand of iceblast (7) for 143 gold pieces
  3584 | D        | Bought a tin of tremorstones (3/3) for 480 gold pieces
  3584 | D        | Bought a scroll of identify for 24 gold pieces
  3639 | D        | Noticed a 12-headed hydra
  3650 | D        | Killed a 12-headed hydra
  3650 | D        | Reached XP level 13. HP: 108/135 MP: 15/15
  3718 | D        | Got a crystal dagger
  3719 | D        | Identified the +5 dagger "Raazusunk" {vorpal, *Noise +Fly
                  | rN+++ Dex-4} (You found it in the Dungeon)
  3741 | D        | Identified the +6 morningstar "Hileaw" {protect, *Corrode
                  | rPois Int+5 Dex-3}
  3741 | D        | Noticed a deep elf annihilator
  3742 | D        | Reached skill level 10 in Shields
  3779 | D        | Killed a deep elf annihilator
  3779 | D        | Reached skill level 24 in Fighting
  3795 | D        | Noticed a mummy priest
  3803 | D        | Killed a mummy priest
  3891 | D        | Noticed the 27-headed Lernaean hydra
  3906 | D        | HP: 4/137 [the 27-headed Lernaean hydra (9)]
  3906 | D        | Slain by the 27-headed Lernaean hydra

Illustrated notes

Levels and vault maps discovered:
D:        dungeon_sprint_1 [red_sonja_temple_1, red_sonja_temple_small_1]

Skill      XL: |  1  2  3  4  5  6  7  8  9 10 11 12 13 |
---------------+----------------------------------------+-----
Maces & Flails | 4 6 9 14 16 | 16.0
Shields        | 6 8 9 11 | 11.9
Fighting       | 6 10 14 17 20 23 24 | 24.1
Throwing       | 6 |  6.0
Armour         | 4 8 9 10 | 10.0
Evocations     | 2 3 4 |  4.4
Dodging        | 4 |  4.0

Action                   |  1- 3 |  4- 6 |  7- 9 | 10-12 | 13-15 || total
-------------------------+-------+-------+-------+-------+-------++-------
Melee: Flail             |    14 |    33 |    80 |   310 |    32 ||   469
       Scythe            |       |     1 |       |       |       ||     1
Throw: Dart              |       |       |     5 |     9 |       ||    14
Invok: Potion Petition   |       |       |       |     1 |     2 ||     3
       Bribe Branch      |       |       |       |       |     1 ||     1
 Abil: Dig               |       |       |     2 |     3 |       ||     5
       Evoke Flight      |       |       |       |       |     1 ||     1
Evoke: Wand              |     2 |     3 |       |     1 |     2 ||     8
       Tin of tremorston |       |       |       |       |     4 ||     4
  Use: Potion            |     1 |     1 |     2 |     1 |     1 ||     6
       Scroll            |       |     2 |       |     2 |     1 ||     5
 Stab: Distracted        |       |       |       |     1 |       ||     1
       Sleeping          |       |       |       |       |     2 ||     2
  Eat: Ration            |       |       |     1 |     2 |       ||     3
Armor: Scale mail        |     4 |     6 |    16 |       |       ||    26
       Pearl dragon scal |       |       |     1 |   142 |    98 ||   241
Dodge: Dodged            |     3 |     7 |    14 |    99 |    43 ||   166
Block: Kite shield       |     6 |    13 |    32 |   182 |    40 ||   273
